 Dungeon Crawl Stone Soup version 0.27-a0-1579-g97d2440184 (webtiles) character file.

Game seed: 687232671065060815

44 freelancePsychic the Conjurer (level 3, -5/36 HPs)
             Began as a Human Conjurer on July 18, 2021.
             Slain by Terence (9 damage)
             ... on level 2 of the Dungeon.
             The game lasted 00:03:16 (2110 turns).

freelancePsychic the Conjurer (Human Conjurer)      Turns: 2110, Time: 00:03:17

Health: -5/36      AC: 21    Str:  7    XL:     3   Next: 87%
Magic:  5/7        EV:  2    Int: 19    God:
Gold:   33         SH:  0    Dex: 11    Spells: 4/7 levels left

rFire    + . .     SeeInvis .   (no weapon)
rCold    . . .     Faith    .   (no shield)
rNeg     + + +     Spirit   .   (armour currently unavailable)
rPois    +         Reflect  .   (helmet currently unavailable)
rElec    .         Harm     .   (cloak currently unavailable)
rCorr    .         Rampage  .   (gloves currently unavailable)
Will     +....     NoTele   +   (boots currently unavailable)
Stlth    ++........             (no amulet)
HPRegen  0.12/turn              b - ring of willpower
MPRegen  0.10/turn              f - ring of protection from fire

@: tree-form
A: stationary, stasis, torment immunity, boosted hp
a: no special abilities


You were on level 2 of the Dungeon.
You were a tree.
You visited 1 branch of the dungeon, and saw 2 of its levels.

You collected 33 gold pieces.

Inventory:

Armour
 a - a +0 robe (melded)
 d - a +2 kite shield
Jewellery
 b - a ring of willpower (left branch)
 f - a ring of protection from fire (right branch)
Potions
 c - a potion of lignification
 e - a potion of resistance {unknown}
 h - a potion of curing {unknown}
 i - a potion of invisibility {unknown}


   Skills:
 - Level 2.0 Dodging
 - Level 2.0 Stealth
 + Level 2.9 Spellcasting
 + Level 4.6 Conjurations


You had 4 spell levels left.
You knew the following spells:

 Your Spells              Type           Power      Damage    Failure   Level
a - Magic Dart            Conj           80%        1d7       2%          1
b - Searing Ray           Conj           40%        3d4       3%          2

Your spell library contained the following spells:

 Spells                   Type           Power      Damage    Failure   Level
 Dazzling Flash           Conj/Hex       22%        N/A       19%         3
 Fulminant Prism          Conj/Hex       5%         3d7       52%         4
 Iskenderun's Mystic Bla  Conj/Tloc      11%        2d4       52%         4


Dungeon Overview and Level Annotations

Branches:
Dungeon (2/15)

Altars:

Annotations:
D:2 Sigmund, Terence


Message History

You feel sick.
You feel sick.
You feel sick.
You feel sick.
You feel sick.
As you read the scroll labelled ILOAXAMIAKK, it crumbles to dust.
You hear a loud clanging noise!
It was a scroll of noise.
You feel sick.
You are no longer poisoned.
You hear an angry hiss.
Terence barely misses you.
It was a potion of lignification.
You turn into a tree.
Your +0 robe melds into your body.
Your roots penetrate the ground.
Terence hits you with a +2 mace of venom.
* * * LOW HITPOINT WARNING * * *
You hit Terence but do no damage.
Terence is moderately wounded.
Terence hits you but does no damage.
An endoplasm comes into view.
You hit Terence.
Terence is severely wounded.
Terence hits you but does no damage.
You hit Terence but do no damage.
Terence is severely wounded.
Terence hits you with a +2 mace of venom.
* * * LOW HITPOINT WARNING * * *
You hit Terence.
Terence is severely wounded.
Terence hits you but does no damage.
You barely miss Terence.
Terence is severely wounded.
Terence barely misses you.
You hit Terence but do no damage.
Terence is severely wounded.
Terence shouts, "ATTACK!!!"
Terence completely misses you.
You hit Terence but do no damage.
Terence is severely wounded.
Terence hits you with a +2 mace of venom!
You die...

#.# ...... ... #.#
...#.##.....##.# #l#
#..#..#.#....#.# #.#
#..#.......#)).# ##.#
#..#... #...... #..# #....#
#...... #####.##### #...#
#......
#.........###...######......
#........K@♣.J..........)...
#(........####...#####[.....
#.........# ###............
########### #######......
#...... #######


You could see Terence, an endoplasm and a kobold.

Vanquished Creatures
  An adder (D:2)
  A dart slug (D:1)
  2 ball pythons (D:1)
  4 endoplasms
  A giant cockroach (D:1)
  4 goblins
  5 hobgoblins
  2 jackals (D:1)
  2 bats (D:1)
  2 frilled lizards (D:1)
  3 kobolds (D:1)
  2 rats (D:1)
29 creatures vanquished.

Notes
Turn   | Place    | Note
-------+----------+-------------------------------------------
     0 | D:1      | freelancePsychic the Human Conjurer began the quest for the
                  | Orb.
     0 | D:1      | Reached XP level 1. HP: 13/13 MP: 3/3
   480 | D:1      | Reached XP level 2. HP: 19/19 MP: 1/5
  1161 | D:1      | Reached XP level 3. HP: 24/24 MP: 2/6
  1202 | D:1      | Learned a level 2 spell: Searing Ray
  1958 | D:2      | Noticed Sigmund
  2086 | D:2      | Noticed Terence
  2110 | D:2      | Slain by Terence

Illustrated notes

Levels and vault maps discovered:
D:1:      sevenhm_arrival_forest_fort_small_4, layout_basic, interstate_on_off,
          minmay_hedge_maze
D:2:      layout_rooms, uniq_sigmund, uniq_terence

Action                   || total
-------------------------++-------
Melee: Unarmed           ||    13
 Cast: Magic Dart        ||    34
       Searing Ray       ||    14
  Use: Scroll            ||     1
       Potion            ||     1
Armor: Robe              ||     4
       Skin              ||     3
Dodge: Dodged            ||    16

Table legend: (Time is in decaauts)
 A = Elapsed time spent in this place.
 B = Non-inter-level travel time spent in this place.
 C = Inter-level travel time spent in this place.
 D = Time resting spent in this place.
 E = Time spent auto-exploring this place.
 F = Levels seen in this place.
 G = Mean time per level.
                   A        B        C        D        E       F      G
               +--------+--------+--------+--------+--------+-----+--------+
         Total |   2117 |   2064 |     53 |     71 |   1705 |   2 | 1058.5 |
       Dungeon |   2117 |   2064 |     53 |     71 |   1705 |   2 | 1058.5 |
               +--------+--------+--------+--------+--------+-----+--------+

Top non-repeatable levels by time:
     D:1: 1907 daAuts
     D:2: 209 daAuts
